 Dungeon Crawl Stone Soup version 0.30-a0-585-g93115170b9 (webtiles) character file.

Game seed: 8386696848387159101

2 MineK the Cutter (level 1, 23/23 HPs)
             Began as a Gnoll Wanderer on Jan 2, 2023.
             Was a Follower of Fedhas.
             Quit the game on level 1 of the Dungeon.
             The game lasted 00:01:37 (93 turns).

MineK the Cutter (Gnoll Wanderer)                     Turns: 93, Time: 00:01:38

Health: 23/23      AC:  2    Str: 11    XL:     1   Next: 40%
Magic:  4/4        EV: 11    Int: 13    God:    Fedhas [*.....]
Gold:   0          SH:  0    Dex:  9    Spells: 4/5 levels left

rFire   . . .      SeeInvis .    a - +1 rapier
rCold   . . .      Faith    .    (no shield)
rNeg    . . .      Spirit   .    c - +0 robe
rPois   .          Reflect  .    (no helmet)
rElec   .          Harm     .    (no cloak)
rCorr   .          Rampage  .    (no gloves)
Will    .....                    (no boots)
Stlth   +                        (no amulet)
HPRegen 0.23/turn                (no ring)
MPRegen 0.09/turn                (no ring)

@: no status effects
A: fangs 1, strong nose, distributed training
a: Renounce Religion


You were on level 1 of the Dungeon.
You worshipped Fedhas.
Fedhas was aware of your devotion.
You visited 1 branch of the dungeon, and saw 1 of its levels.

Inventory:

Hand Weapons
 a - a +1 rapier (weapon)
Armour
 c - a +0 robe (worn)
Scrolls
 b - a scroll of blinking
 d - a scroll of summoning {unknown}


   Skills:
 + Level 6.4 Fighting
 + Level 6.4 Short Blades
 + Level 0.0 Long Blades
 + Level 0.0 Axes
 + Level 0.0 Maces & Flails
 + Level 0.0 Polearms
 + Level 0.0 Staves
 + Level 0.0 Ranged Weapons
 + Level 2.3 Throwing
 + Level 0.0 Armour
 + Level 0.0 Dodging
 + Level 0.0 Stealth
 + Level 0.0 Shields
 + Level 0.0 Unarmed Combat
 + Level 2.6 Spellcasting
 + Level 0.0 Conjurations
 + Level 0.0 Hexes
 + Level 0.0 Summonings
 + Level 0.0 Necromancy
 + Level 0.0 Translocations
 + Level 0.0 Transmutations
 + Level 0.0 Fire Magic
 + Level 0.0 Ice Magic
 + Level 0.0 Air Magic
 + Level 3.6 Earth Magic
 + Level 0.0 Poison Magic
 + Level 0.1 Invocations
 + Level 0.0 Evocations


You had 4 spell levels left.
You knew the following spells:

 Your Spells              Type           Power      Damage    Failure   Level
a - Sandblast             Erth           22%        2d7       5%          1

Your spell library contained the following spells:

 Spells                   Type           Power      Damage    Failure   Level
 Stone Arrow              Conj/Erth      12%        3d7       32%         3


Dungeon Overview and Level Annotations

Branches:
Dungeon (1/15)

Altars:
Fedhas

Shops:
D:1 :


Innate Abilities, Weirdness & Mutations

You have very sharp teeth.
Your uncanny sense of smell can sniff out nearby items.
Your experience applies equally to all skills.


Message History

The bat is severely wounded.
The bat hits you.
A kobold comes into view. It is wielding a +0 short sword.
The rat barely misses you.
You hit the rat.
You kill the rat!
The bat barely misses you.
You hit the bat.
You kill the bat!
The kobold hits you with a +0 short sword.
You see here a rat corpse.
You closely miss the kobold. The kobold misses you.
You closely miss the kobold.
The kobold hits you with a +0 short sword.
You hit the kobold but do no damage. You bite the kobold.
The kobold is moderately wounded.
The kobold barely misses you.
You hit the kobold.
You kill the kobold!
No target in view!
No target in view!
No target in view!
HP restored.
Found a club.
Things that are here:
a +0 short sword; 2 stones
Found Meunnuvu's Book Shop.
d - a scroll labelled BUCWUU UNOJ
There is an entrance to Meunnuvu's Book Shop here.
Found a faded altar of an unknown god.
You enter the shallow water.
Moving in this stuff is going to be slow.
A bat comes into view.
There is a fountain of sparkling water here.
There is a faded altar of an unknown god here.
This altar belongs to (a) Gozag, (b) Xom or (c) Fedhas, but you can't tell which.
Press the corresponding letter to learn more about a god, or press enter to convert or escape to cancel.
Fedhas accepts your prayer! Fedhas welcomes you!
The plants of the dungeon cease their hostilities.
Are you sure you want to abandon this character and quit the game? (Confirm with "yes".)

#......##
######.......#
###.....P....b
.....P......
#..#P...P.###
#..#....⌠P..# # #
#..#.P...P..#
##.#.#..#PP.⌠..###
...#.#..#~.~P.P.@#
........PP....###
.###.#....P####~.PP.#
.........##...PPP~....
.###.#..#P....PPP...##
#.#..#######.###.#
#.#..#######.. #
#.#........... .
##.##.#########


There were no monsters in sight!

Vanquished Creatures
  A kobold (D:1)
  A bat (D:1)
  A rat (D:1)
3 creatures vanquished.

Notes
Turn   | Place    | Note
-------+----------+-------------------------------------------
     0 | D:1      | MineK the Gnoll Wanderer began the quest for the Orb.
     0 | D:1      | MineK set off with the following items: a +1 rapier, a
                  | scroll of blinking, a +0 robe; and the following spell
                  | memorised: Sandblast; and the following spells available to
                  | memorise: Stone Arrow.
     0 | D:1      | Reached XP level 1. HP: 23/23 MP: 4/4
    51 | D:1      | Found Meunnuvu's Book Shop.
    77 | D:1      | Found a faded altar of an unknown god.
    92 | D:1      | Prayed at the altar of an unknown god.
    92 | D:1      | Became a worshipper of Fedhas Madash
    92 | D:1      | Reached * piety under Fedhas
    93 | D:1      | Quit the game

Illustrated notes

Levels and vault maps discovered:
D:1:      shiori_arrival_oz, layout_basic,
          shapermc_ecumenical_altar_mp_ritualfount, serial_shops, shop,
          lexackson_kobold_supper

Action                   || total
-------------------------++-------
Melee: Rapier            ||     8
       Bite              ||     1
Dodge: Dodged            ||     5

Table legend: (Time is in decaauts)
 A = Elapsed time spent in this place.
 B = Non-inter-level travel time spent in this place.
 C = Inter-level travel time spent in this place.
 D = Time resting spent in this place.
 E = Time spent auto-exploring this place.
 F = Levels seen in this place.
 G = Mean time per level.
                   A        B        C        D        E       F      G
               +--------+--------+--------+--------+--------+-----+--------+
         Total |     92 |     92 |      0 |      0 |     70 |   1 |   92.0 |
       Dungeon |     92 |     92 |      0 |      0 |     70 |   1 |   92.0 |
               +--------+--------+--------+--------+--------+-----+--------+

Top non-repeatable levels by time:
     D:1: 92 daAuts
